cohdb
Replays
Latest Replays
All Replays
Popular Replays
Top Player Replays
Match Explorer
How It Works
Community
CoH3 Stats
Reddit
Sign in to upload your games and track your stats! →
Sign in with Steam
Match 41638476
Unlisted
Match 41638476
Overview
Messages
Build Orders
End
Royal Engineer Section
Construct Section Command Post
Selects Heavy Armor Battlegroup
Infantry Section
Dingo Light Scout Car
Infantry Section
Infantry Section
Construct Platoon Command Post
Unlock M3 Stuart Light Tanks
Selects Rigorous Vehicle Training
M3 Stuart Light Tank
Construct Field Infirmary
Infantry Section
M3 Stuart Light Tank
Light Vehicle Training
M3 Stuart Light Tank
Kitsuné
Window Shopping
0
0
Comments
sign in to comment!
No comments posted yet!